 Dungeon Crawl Stone Soup version 0.19.0-11-g3fc08b3 (webtiles) character file.

963 SaltIsReal the Cutter (level 7, -15/44 HPs)
             Began as a Deep Elf Hunter on Nov 8, 2016.
             Demolished by an orc warrior
             ... wielding a +0 war axe
              (20 damage)
             ... on level 6 of the Dungeon.
             The game lasted 00:18:22 (7175 turns).

SaltIsReal the Cutter (Deep Elf Hunter)             Turns: 7175, Time: 00:18:23

Health: -15/44     AC:  4    Str: 11    XL:     7   Next: 92%
Magic:  9/9        EV: 13    Int: 16    God:
Gold:   198        SH:  0    Dex: 15    Spells: 0 memorised, 6 levels left

rFire  + . .     SeeInvis .     b - +2 rapier
rCold  . . .     Gourm    .     B - +1 leather armour {rF+}
rNeg   . . .     Faith    .     (no shield)
rPois  .         Spirit   .     (no helmet)
rElec  .         Reflect  .     (no cloak)
rCorr  .         Harm     .     (no gloves)
MR     .....                    (no boots)
Stlth  ++........               (no amulet)
                                (no ring)
                                e - +1 ring of evasion

@: very slightly contaminated, hasted, very quick
A: no striking features
a: no special abilities


You were on level 6 of the Dungeon.
You were not hungry.

You visited 1 branch of the dungeon, and saw 6 of its levels.

You collected 198 gold pieces.

Inventory:

Hand Weapons
 a - a +1 shortbow
 b - a +2 rapier (weapon)
 x - a +0 short sword
Missiles
 d - 55 arrows
Armour
 c - a +0 leather armour
 j - a -1 scale mail
 y - a +0 ring mail
 B - a +1 leather armour of fire resistance (worn)
Jewellery
 e - a +1 ring of evasion (left hand)
Wands
 C - a wand of slowing (27/48)
 D - a wand of paralysis (10/24)
Scrolls
 h - a scroll of identify
 m - 3 scrolls of teleportation
 n - 3 scrolls of magic mapping
 p - 4 scrolls of remove curse
 q - 3 scrolls of amnesia
Potions
 i - a potion of might {unknown}
 k - a potion of agility
 r - a potion of curing
 s - a potion of berserk rage
 t - a potion of heal wounds
 v - a potion of haste
 A - a potion of degeneration
Books
 u - a book of Minor Magic

   Spells                             Type                      Level
   a - Magic Dart                     Conjuration                  1
   b - Blink                          Translocation                2
   c - Call Imp                       Summoning                    2
   d - Repel Missiles                 Charms/Air                   2
   e - Slow                           Hexes                        2
   f - Conjure Flame                  Conjuration/Fire             3
   g - Mephitic Cloud                 Conjuration/Poison/Air       3
Comestibles
 f - 3 bread rations
 g - a beef jerky
 l - a royal jelly
 o - 3 fruits
 z - a meat ration


   Skills:
 * Level 4.6 Fighting
 + Level 7.2 Short Blades
 - Level 4.3 Bows
 - Level 2.4 Dodging
 - Level 1.2 Stealth


You had 6 spell levels left.
You didn't know any spells.

Dungeon Overview and Level Annotations

Branches:
Dungeon (6/15)             Temple (0/1) D:6

Altars:
Elyvilon

Shops:
D:5 %   D:6 *?:

Annotations:
D:4 1 runed door, Sigmund
D:5 exclusion: hippogriff


Message History

You hit the orc warrior.
The orc warrior is heavily wounded.
The orc warrior misses you.
You puncture the orc warrior!
The orc warrior is severely wounded.
You hit the orc warrior.
The orc warrior is severely wounded.
The orc warrior hits you with a war axe!!
You hit the orc warrior.
The orc warrior is severely wounded.
You hit the orc warrior but do no damage.
The orc warrior is severely wounded.
The orc warrior hits you with a war axe!!
* * * LOW HITPOINT WARNING * * *
You hit the orc warrior but do no damage.
The orc warrior is severely wounded.
You barely miss the orc warrior.
The orc warrior is severely wounded.
The orc warrior hits you with a war axe!!
You die...

#..## ####.## #..# ..# #..#
## ##..# #...# #..##
##.#.## ##.###.#######
#...#...oo@..#
#.#..#.#####.#
#.#..#.#####.#####.
#.#..#...o..<..>...#
#.#..#.###.....####### #
#.#....###............ ##
#.##.#............###### #.
#.##.#.###.............###.
# ##.#.###........###...#..


You could see an orc warrior and an orc.

Vanquished Creatures
  Menkaure (D:6)
  An ogre (D:4)
  2 scorpions
  2 crimson imps (D:5)
  A centaur zombie (D:4)
  A jelly (D:5)
  3 orc priests
  A hound (D:4)
  An orc wizard (D:5)
  2 bullfrog skeletons (D:4)
  Ijyb (D:2)
  2 worker ants
  A hound zombie (D:6)
  A howler monkey zombie (D:6)
  Robin (D:4)
  6 adders
  A shadow imp (D:5)
  An adder zombie (D:5)
  An adder skeleton (D:4)
  5 worms
  6 dart slugs
  A leopard gecko (D:5)
  11 orcs
  2 ball pythons
  4 giant cockroaches
  16 goblins
  9 hobgoblins
  11 jackals
  6 quokkas
  7 bats
  6 frilled lizards
  8 kobolds
  A leopard gecko skeleton (D:4)
  11 rats
134 creatures vanquished.

Notes
Turn   | Place    | Note
-------+----------+-------------------------------------------
     0 | D:1      | SaltIsReal the Deep Elf Hunter began the quest for the Orb.
     0 | D:1      | Reached XP level 1. HP: 12/12 MP: 3/3
    14 | D:1      | Reached skill level 1 in Short Blades
    23 | D:1      | Reached XP level 2. HP: 14/16 MP: 4/4
   163 | D:1      | Reached skill level 2 in Short Blades
   799 | D:2      | Noticed Ijyb
   832 | D:2      | Killed Ijyb
   832 | D:2      | Reached skill level 3 in Short Blades
   832 | D:2      | Reached XP level 3. HP: 1/20 MP: 5/5
  1245 | D:2      | Reached XP level 4. HP: 20/25 MP: 6/6
  1718 | D:2      | Reached skill level 4 in Short Blades
  2364 | D:3      | Reached XP level 5. HP: 29/29 MP: 7/7
  2369 | D:3      | Reached skill level 5 in Short Blades
  3842 | D:4      | Noticed Robin
  3874 | D:4      | Killed Robin
  3874 | D:4      | Reached XP level 6. HP: 6/34 MP: 8/8
  3950 | D:4      | Reached skill level 6 in Short Blades
  4126 | D:4      | Found a runed door.
  4846 | D:4      | Noticed Sigmund
  5149 | D:4      | Reached XP level 7. HP: 5/41 MP: 9/9
  5603 | D:5      | Entered Level 5 of the Dungeon
  5987 | D:5      | Found Yralysseotu's Food Emporium.
  6591 | D:5      | Noticed a hippogriff
  6802 | D:5      | Reached skill level 7 in Short Blades
  6836 | D:6      | Found Titomylif's General Store.
  6908 | D:6      | Noticed Menkaure
  6913 | D:6      | Killed Menkaure
  7010 | D:6      | Found a white marble altar of Elyvilon.
  7045 | D:6      | Found Coed's Magic Scroll Shop.
  7081 | D:6      | Found Hyili's Book Shoppe.
  7086 | D:6      | Found a staircase to the Ecumenical Temple.
  7175 | D:6      | Demolished by an orc warrior

Skill      XL: |  1  2  3  4  5  6  7 |
---------------+----------------------+-----
Short Blades   | 1 3 4 5 6 7 |  7.2
Fighting       | 3 4 |  4.6
Bows           | |  4.3
Dodging        | |  2.4
Stealth        | |  1.2

Action                   |  1- 3 |  4- 6 |  7- 9 || total
-------------------------+-------+-------+-------++-------
Melee: Short sword       |    10 |    40 |       ||    50
       Rapier            |       |   141 |    46 ||   187
 Fire: Shortbow          |    87 |   138 |    91 ||   316
Throw: Throwing net      |       |     2 |       ||     2
  Use: Scroll            |     3 |     6 |     2 ||    11
       Potion            |       |     6 |     2 ||     8
 Stab: Sleeping          |       |       |     1 ||     1
  Eat: Chunk             |     1 |    11 |     6 ||    18
       Beef jerky        |       |     1 |       ||     1
Armor: Leather armour    |     5 |    10 |     9 ||    24
       Scale mail        |       |    33 |       ||    33
       Ring mail         |       |    10 |     4 ||    14
Dodge: Dodged            |    22 |   122 |    45 ||   189
